 Dungeon Crawl Stone Soup version 0.31-a0-1570-g93c622d222 (webtiles) character file.

Game seed: 2709973355567220807

20675 Flugslaktarn the Thaumaturge (level 12, -14/73 (80) HPs)
             Began as an Octopode Alchemist on Jan 3, 2024.
             Was a Follower of Ashenzari.
             Demolished by a boulder beetle (21 damage)
             ... on level 13 of the Dungeon.
             The game lasted 00:23:02 (8174 turns).

Flugslaktarn the Thaumaturge (Octopode Alchemist)   Turns: 8174, Time: 00:23:02

HP:   -14/73 (80)   AC:  1    Str:  7    XL:     12   Next: 82%
MP:   2/27          EV: 16    Int: 25    God:    Ashenzari [*.....]
Gold: 915           SH:  0    Dex: 14    Spells: 16/34 levels left

rFire   . . .        c - +7 dire flail (protect)
rCold   . . .        (shield currently unavailable)
rNeg    . . .        (helmet restricted)
rPois   .            d - amulet of the Shackled God {Acrobat, Range, Dev} (curse)
rElec   .            v - +6 ring of intelligence
rCorr   .            m - ring "Omniscient Sorrow" {Will+, Fort, Elem} (curse)
SInv    .            F - ring "Elysian Unpleasantness" {Wiz, Self, Comp} (curse)
Will    +....        (no ring)
Stlth   +++          (no ring)
HPRegen 0.32/turn    (no ring)
MPRegen 0.20/turn    (no ring)
                     (no ring)

%: acrobat, wizardry (x1)
@: radiating poison, drained
A: almost no armour, amphibious, 8 rings, camouflage 1, gelatinous body 1,
(nimble swimmer 1), tentacles, dopey 1
a: Renounce Religion, Shatter the Chains


You were on level 13 of the Dungeon.
You worshipped Ashenzari.
Ashenzari was aware of your devotion.
You visited 3 branches of the dungeon, and saw 16 of its levels.
You also visited: Ossuary.

You collected 1335 gold pieces.
You spent 420 gold pieces at shops.

Inventory:

Hand Weapons
 c - a +7 dire flail of protection (weapon)
   (You took it off Edmund on level 5 of the Dungeon)
 e - a +4 quarterstaff
   (You found it on level 2 of the Dungeon)
 q - the +7 arbalest "Kiesch" {flame, rF+ Int+3 Dex+4}
   (You found it on level 7 of the Dungeon)

   Int+3:     It affects your intelligence (+3).
   Dex+4:     It affects your dexterity (+4).
   rF+:       It protects you from fire.
 E - a +2 hand cannon of freezing
   (You took it off a kobold blastminer on level 2 of the Orcish Mines)
Missiles
 s - a curare-tipped dart
 B - 3 throwing nets
Armour
 z - a +0 kite shield
   (You took it off a gnoll sergeant on level 2 of the Orcish Mines)
Magical Staves
 y - a staff of air
   (You found it on level 7 of the Dungeon)
Jewellery
 d - the cursed amulet of the Shackled God (around mantle) {Acrobat, Range, Dev}
   (You found it on level 2 of the Dungeon)

   [amulet of the acrobat]

   Acrobat:   It increases your evasion while moving and waiting.
   It has a curse which improves the following skills: Ranged Combat: Ranged
   Weapons and Throwing.
   Devices:   Evocations and Shapeshifting.
 m - the cursed ring "Omniscient Sorrow" (right tentacle) {Will+, Fort, Elem}
   (You took it off an orc on level 7 of the Dungeon)

   [ring of willpower]

   Will+:     It increases your willpower.
   It has a curse which improves the following skills: Fortitude: Shields.
   Elements:  Fire Magic, Ice Magic, Air Magic and Earth Magic.
 p - an amulet of reflection
   (You took it off a gnoll on level 7 of the Dungeon)
 r - a ring of ice
   (You found it on level 9 of the Dungeon)
 v - a +6 ring of intelligence (left tentacle)
   (You found it on level 6 of the Dungeon)
 x - a ring of ice
   (You found it on level 7 of the Dungeon)
 A - a ring of ice
   (You found it on level 7 of the Dungeon)
 F - the cursed ring "Elysian Unpleasantness" (on tentacle) {Wiz, Self, Comp}
   (You bought it in a shop on level 2 of the Orcish Mines)

   [ring of wizardry]

   Wiz:       It improves your spell success rate.
   It has a curse which improves the following skills: Introspection: Fighting
   and Spellcasting.
   Companions: Summonings and Necromancy.
Wands
 g - a wand of digging (1)
   (You found it on level 8 of the Dungeon)
 J - a wand of polymorph (1)
   (You found it on level 11 of the Dungeon)
Scrolls
 b - 2 scrolls of poison
 h - a scroll of revelation
 i - a scroll of enchant armour
 j - 2 scrolls of brand weapon
 l - a scroll of fog
 o - a scroll of torment
 t - 2 scrolls of teleportation
 u - 2 scrolls of summoning
 C - a scroll of noise
 H - a scroll of immolation
Potions
 a - a potion of magic
 f - a potion of enlightenment
 k - a potion of attraction
 n - a potion of resistance
 D - a potion of mutation
 G - a potion of ambrosia
 I - a potion of invisibility


   Skills:
 - Level 6.0(6.7) Fighting
 - Level 6.0 Maces & Flails
 - Level 7.0 Dodging
 - Level 2.6 Stealth
 + Level 11.0(11.7) Spellcasting
 - Level 7.0 Conjurations
 - Level 4.0(4.7) Fire Magic
 - Level 6.3(7.1) Ice Magic
 - Level 3.4(4.2) Air Magic
 - Level 8.0 Alchemy
 + Level 4.3(5.1) Shapeshifting


You had 16 spell levels left.
You knew the following spells:

 Your Spells              Type           Power      Damage    Failure   Level
a - Sting                 Conj/Alch      100%       1d9       1%          1
b - Olgreb's Toxic Radia  Alch           53%        N/A       1%          4
c - Sticky Flame          Fire/Alch      46%        2d9       1%          4
d - Ignite Poison         Fire/Alch      46%        N/A       1%          4
e - Freezing Cloud        Conj/Ice/Air   22%        6-21      4%          5

Your spell library contained the following spells:

 Spells                   Type           Power      Damage    Failure   Level
 Cigotuvi's Dreadful Rot  Necr/Alch/Air  70%        N/A       1%          2
 Mercury Vapours          Alch/Air       90%        N/A       1%          2
 Momentum Strike          Conj/Tloc      64%        3d9       1%          2
 Dazzling Flash           Conj/Hex       64%        N/A       1%          3
 Mephitic Cloud           Conj/Alch/Air  46%        N/A       1%          3
 Blink                    Tloc           28%        N/A       2%          2
 Lesser Beckoning         Tloc           28%        N/A       2%          2
 Passage of Golubria      Tloc           14%        N/A       16%         4
 Silence                  Hex/Air        12%        N/A       19%         5
 Curse of Agony           Necr           15%        N/A       38%         5
 Lehudib's Crystal Spear  Conj/Erth      16%        10d5      100%        8


Dungeon Overview and Level Annotations

Branches:
Dungeon (13/15)            Temple (1/1) D:7            Lair (0/5) D:8
    Orc (2/2) D:9             Elf (0/3) Orc:2       Ossuary (visited)
 Vaults: D:13-14

Altars:
Ashenzari
Cheibriados
Dithmenos
Elyvilon
Fedhas
Gozag
Hepliaklqana
Makhleb
Okawaru
Qazlal
Ru
Sif Muna
Trog
Uskayaw
Vehumet
Wu Jian
Xom
Zin
The Shining One

Shops:
D:11 [   Orc:1 [   Orc:2 (!=

Annotations:
D:4 2 runed translucent doors, Chqr's ghost, amateur SpEn


Innate Abilities, Weirdness & Mutations

You cannot wear most types of armour.
You are amphibious.
You can wear up to eight rings at the same time.
Your skin changes colour to match your surroundings (Stealth+).
Your rubbery body absorbs attacks. (AC +1, EV +1)
((You are camouflaged when in or above water. (Stealth+)))
You have tentacles for arms and can constrict up to eight enemies at once.
You are dopey. (Int -2)


Message History

You ignite the poison in your surroundings!
The centaur warrior seems to burn from within!!!
The centaur warrior is almost dead.
The centaur warrior is poisoned.
The centaur warrior shoots an arrow.
The arrow closely misses you.
Casting: Ignite Poison (dangerous; 1% risk of failure)
Confirm with . or Enter, or press ? or * to list all spells.
You ignite the poison in your surroundings!
The centaur warrior seems to burn from within!!
You kill the centaur warrior!
Your toxic aura wanes.
There is a stone staircase leading up here.
Found a scroll of fear.
Found a +0 spear.
A laughing skull comes into view.
The laughing skull moves out of view.
Unknown command.
Ashenzari invites you to partake of a vision and a curse of introspection and companions.
The laughing skull gives a hideous shriek!
You hear a hideous shriek!
Your ring of wizardry glows black for a moment.
Okay, then.
The laughing skull completely misses you. x2
You miss the laughing skull. Your grab misses the laughing skull.
You squeeze the laughing skull, but do no damage.
The laughing skull headbutts you!
You miss the laughing skull. Your grab misses the laughing skull.
The laughing skull headbutts you! The laughing skull barely misses you.
You closely miss the laughing skull. Your grab misses the laughing skull.
The laughing skull misses you.
A laughing skull comes into view.
You sock the laughing skull!
Your weapon exudes an aura of protection.
Your grab misses the laughing skull. You squeeze the laughing skull.
The laughing skull is severely damaged.
The laughing skull completely misses you.
The laughing skull cackles spitefully.
The bolt of negative energy misses the laughing skull.
The bolt of negative energy hits you!
You feel drained. The laughing skull misses you.
You miss the laughing skull. Your grab misses the laughing skull.
Your squeeze misses the laughing skull.
The laughing skull is severely damaged.
The laughing skull misses you.
You miss the laughing skull. You grab the laughing skull.
The laughing skull is severely damaged.
You constrict the laughing skull, but do no damage.
The laughing skull misses you. The laughing skull closely misses you.
The laughing skull cackles spitefully.
The bolt of negative energy hits the laughing skull.
The laughing skull completely resists.
The bolt of negative energy hits you!!
You feel drained.
* * * LOW HITPOINT WARNING * * *
You thump the laughing skull!
Your weapon exudes an aura of protection.
You destroy the laughing skull!
You feel much better. The laughing skull misses you.
The laughing skull cackles spitefully.
The bolt of negative energy misses you.
You hit the laughing skull but do no damage.
Your grab misses the laughing skull. Your squeeze misses the laughing skull.
The laughing skull gibbers with scorn.
The bolt of negative energy hits you!!
You feel drained.
You puncture the laughing skull! Your grab misses the laughing skull.
The laughing skull is severely damaged.
The laughing skull closely misses you. The laughing skull misses you.
You sock the laughing skull!
You destroy the laughing skull!
A boulder beetle comes into view.
Your Spellcasting skill increases to level 11!
Casting: Ignite Poison (dangerous; 1% risk of failure)
Confirm with . or Enter, or press ? or * to list all spells.
You begin to radiate toxic energy.
The boulder beetle is poisoned.
The boulder beetle looks even sicker.
Casting: Olgreb's Toxic Radiance (mildly dangerous; 1% risk of failure)
Confirm with . or Enter, or press ? or * to list all spells.
Your toxic radiance grows in intensity.
The boulder beetle looks even sicker.
The boulder beetle bites you!!
* * * LOW HITPOINT WARNING * * *
Okay, then.
Casting: Olgreb's Toxic Radiance (mildly dangerous; 1% risk of failure)
Confirm with . or Enter, or press ? or * to list all spells.
You ignite the poison in your surroundings!
The boulder beetle seems to burn from within!!!
The boulder beetle is almost dead.
The boulder beetle is poisoned.
The boulder beetle closely misses you.
Casting: Ignite Poison (dangerous; 1% risk of failure)
Confirm with . or Enter, or press ? or * to list all spells.
You don't have enough magic to cast this spell.
Okay, then.
Casting: Ignite Poison (dangerous; 1% risk of failure)
Confirm with . or Enter, or press ? or * to list all spells.
Aiming: Sting (safe; 1% risk of failure)
Press: ? - help, Shift-Dir - straight line, f - boulder beetle
Aim: a boulder beetle (almost dead, poisoned, 100% to hit)
The sting hits the boulder beetle but does no damage.
The boulder beetle looks even sicker.
The boulder beetle is almost dead.
The boulder beetle looks even sicker.
The boulder beetle bites you!!
You die...

.#...... ...
.......###.###
#......#.... ...........#
.#..........# .#
.....##.....##.##..
#..?.....#......
#....#...#B#..##..
#.......##@#..##.#
......#####.#..##.# #.#...
##.#..##.# . .......
###.....##.####...
.....)....................
...#.#.####....###..####.
....#.## ##.#.###..#
.......####....##..####.
..#.##...................#


You could see a boulder beetle (very poisoned).

Vanquished Creatures
  A centaur warrior (D:13)
  3 orc knights (Orc:2)
  3 cyclopes
  An orc sorcerer (Orc:1)
  An elephant (D:8)
  2 manticores
  3 kobold blastminers (Orc:2)
  An unseen horror (D:11)
  5 kobold demonologists
  3 trolls
  A hornet (D:7)
  2 slime creatures (D:7)
  Sigmund (D:2)
  A vampire (D:7)
  A wraith (D:7)
  A wyvern (D:11)
  7 wargs
  9 yaks
  Edmund (D:5)
  2 steam dragons
  5 vampire mosquitoes
  2 water moccasins
  2 sky beasts
  2 laughing skulls (D:13)
  2 black bears
  3 ice beasts
  30 orc warriors
  10 centaurs
  8 ogres
  2 phantoms
  6 bullfrogs
  4 kobold brigands
  3 gnoll sergeants
  2 scorpions
  2 wights (Ossuary)
  A burial acolyte (Ossuary)
  11 killer bees
  4 howler monkeys
  5 electric eels (D:11)
  2 bombardier beetles
  4 jellies
  A gnoll bouda (D:9)
  11 orc priests
  3 hounds (D:6)
  An iguana (D:6)
  13 orc wizards
  A sleepcap (D:7)
  A mummy (Ossuary)
  20 gnolls
  4 adders
  2 shadow imps
  2 white imps
  A ribbon worm (D:5)
  64 orcs
  A bat (D:1)
  5 endoplasms
  2 giant cockroaches
  5 goblins
  A hobgoblin (D:2)
  13 kobolds
  2 quokkas
  3 ball pythons
  2 frilled lizards
  7 gnoll skeletons (Ossuary)
  6 kobold skeletons (Ossuary)
  9 orc skeletons (Ossuary)
  2 quokka zombies (D:5)
  2 rats
343 creatures vanquished.

Notes
Turn   | Place    | Note
-------+----------+-------------------------------------------
     0 | D:1      | Flugslaktarn the Octopode Alchemist began the quest for the
                  | Orb.
     0 | D:1      | Reached XP level 1. HP: 11/11 MP: 3/3
    85 | D:1      | Reached XP level 2. HP: 5/17 MP: 1/5
   106 | D:2      | Noticed Sigmund
   125 | D:2      | Killed Sigmund
   126 | D:2      | Reached skill level 3 in Spellcasting
   126 | D:2      | Reached skill level 5 in Alchemy
   126 | D:2      | Reached XP level 3. HP: 4/21 MP: 2/7
   126 | D:2      | Reached XP level 4. HP: 5/27 MP: 2/9
   126 | D:2      | Reached XP level 5. HP: 6/31 MP: 2/10
   141 | D:2      | Learned a level 4 spell: Olgreb's Toxic Radiance
   146 | D:2      | Learned a level 4 spell: Sticky Flame
   282 | D:4      | Noticed a sky beast
   307 | D:4      | Killed a sky beast
   308 | D:4      | Reached XP level 6. HP: 15/36 MP: 0/11
   442 | D:4      | Reached skill level 4 in Spellcasting
   493 | D:4      | Reached XP level 7. HP: 41/41 MP: 3/13
   673 | D:4      | Found a large runed translucent door.
   673 | D:4      | Found a large runed translucent door.
   673 | D:4      | Noticed Chqr's ghost (amateur SpEn)
   753 | D:5      | Entered Level 5 of the Dungeon
   799 | D:5      | Found a sand-covered staircase.
   801 | D:5      | Noticed Edmund
   809 | D:5      | Gained mutation: You are dopey. (Int -2) [potion of
                  | mutation]
   811 | D:5      | Reached skill level 1 in Fighting
   812 | D:5      | Killed Edmund
   830 | D:5      | Reached skill level 1 in Fire Magic
   844 | Ossuary  | Entered an ossuary
  1055 | Ossuary  | Reached XP level 8. HP: 42/52 MP: 14/14
  1124 | D:5      | Found an iron altar of Okawaru.
  1126 | D:5      | Found a hazy altar of Hepliaklqana.
  1501 | D:6      | You fall into a shaft and drop 2 floors!
  1630 | D:6      | Reached skill level 1 in Maces & Flails
  1630 | D:6      | Reached skill level 5 in Spellcasting
  1683 | D:6      | Noticed a cyclops
  1757 | D:7      | Learned a level 4 spell: Ignite Poison
  1932 | D:7      | Reached XP level 9. HP: 58/58 MP: 14/16
  2006 | D:7      | Reached skill level 5 in Fighting
  2202 | D:7      | Reached skill level 5 in Dodging
  2356 | D:7      | Noticed a hornet
  2362 | D:7      | HP: 4/93 [hornet (9)]
  2364 | D:7      | Killed a hornet
  2365 | D:7      | Reached skill level 1 in Ice Magic
  2486 | D:7      | Noticed a troll
  2493 | D:7      | Killed a troll
  2513 | D:7      | Noticed a cyclops
  2557 | D:7      | HP: 3/62 [slime creature (15)]
  2560 | D:7      | Reached XP level 10. HP: 4/68 MP: 6/18
  2816 | D:7      | Killed a cyclops
  2817 | D:7      | Reached skill level 5 in Maces & Flails
  2828 | D:7      | Noticed a manticore
  3131 | D:6      | Killed a cyclops
  3132 | D:6      | Reached skill level 6 in Spellcasting
  3570 | D:7      | Found a staircase to the Ecumenical Temple.
  3575 | Temple   | Entered the Ecumenical Temple
  3614 | Temple   | Became a worshipper of Ashenzari the Shackled
  3693 | D:7      | Identified the +7 arbalest "Kiesch" {flame, rF+ Int+3
                  | Dex+4}
  3727 | D:7      | Killed a manticore
  3741 | D:7      | Found a snail-covered altar of Cheibriados.
  3741 | D:7      | Found a shadowy altar of Dithmenos.
  3742 | D:7      | Found an opulent altar of Gozag.
  3899 | D:8      | Noticed an elephant
  3912 | D:8      | Killed an elephant
  3913 | D:8      | Reached skill level 5 in Conjurations
  3946 | D:8      | Reached skill level 7 in Spellcasting
  3946 | D:8      | Reached skill level 5 in Ice Magic
  4009 | D:8      | Reached XP level 11. HP: 59/72 MP: 6/21
  4113 | D:8      | Reached skill level 8 in Spellcasting
  4213 | D:8      | Found a staircase to the Lair.
  4270 | D:8      | Learned a level 5 spell: Freezing Cloud
  4434 | D:9      | Reached skill level 1 in Air Magic
  4585 | D:9      | Found a sacrificial altar of Ru.
  4598 | D:9      | Found a staircase to the Orcish Mines.
  4616 | Orc:1    | Entered Level 1 of the Orcish Mines
  4963 | Orc:1    | Found Etoghy's Armour Boutique.
  5189 | Orc:1    | Noticed an orc sorcerer
  5237 | Orc:1    | Killed an orc sorcerer
  5306 | Orc:2    | Entered Level 2 of the Orcish Mines
  5313 | Orc:2    | Noticed an orc knight
  5632 | Orc:2    | Found a staircase to the Elven Halls.
  5646 | Orc:2    | Found Epakukke's Antique Weapon Shop.
  5721 | Orc:1    | Reached * piety under Ashenzari
  5949 | Orc:2    | Killed an orc knight
  5950 | Orc:2    | Reached skill level 9 in Spellcasting
  6279 | Orc:2    | Noticed an orc knight
  6448 | Orc:2    | Reached XP level 12. HP: 64/79 MP: 12/25
  6628 | Orc:2    | Found Ycsapn's Jewellery Boutique.
  6632 | Orc:2    | Reached skill level 10 in Spellcasting
  6632 | Orc:2    | Found Dueruu's Distillery.
  6699 | Orc:2    | Found Sekuge's Armour Shop.
  7228 | Orc:2    | Bought a ring of wizardry for 420 gold pieces
  7276 | D:10     | Entered Level 10 of the Dungeon
  7290 | D:10     | Reached skill level 1 in Shapeshifting
  7523 | D:11     | Found Linwatt's Armour Boutique.
  7626 | D:11     | Found a hazy altar of Hepliaklqana.
  8118 | D:13     | Noticed a centaur warrior
  8124 | D:13     | Killed a centaur warrior
  8170 | D:13     | Noticed a boulder beetle
  8171 | D:13     | Reached skill level 11 in Spellcasting
  8174 | D:13     | Demolished by a boulder beetle

Illustrated notes

Levels and vault maps discovered:
D:1:      scummos_arrival_star, layout_loops_ring, minmay_misc_feat_tiny
D:2:      layout_loops_ring, shapermc_ecumenical_altar_ellora,
          dreamdust_princess_corridor, uniq_sigmund, uniq_crazy_yiuf_cottage
D:3:      cheibrodos_fertilizer, layout_rooms, mainiacjoe_overflow_paths
D:4:      layout_loops_ring, kennysheep_mini_moat, ebering_ghost_disaster_area,
          hangedman_abyss_or_decor_lesser_grid
D:5:      layout_loops_ring, chequers_temple_overflow_statue_of_worship,
          enter_ossuary_4, uniq_edmund
D:6:      layout_basic, minmay_chambers_of_fives
D:7:      minmay_the_grid_octo_tiled_octocenter [minmay_the_grid_octo_odd_swirl,
          minmay_the_grid_octo_fat_diamond, minmay_the_grid_octo_77,
          minmay_the_grid_octo_vomiting_pacman,
          minmay_the_grid_octo_prize_ultimate_mussel_roller,
          minmay_the_grid_square_5x5_misaligned,
          minmay_the_grid_square_5x5_slash,
          minmay_the_grid_square_5x5_eight_small,
          minmay_the_grid_square_5x5_tetrominoes], layout_rooms, temple_statues,
          roderic_lattice_a, roderic_three_in_a_row
D:8:      layout_basic, grunt_lair_entry_orc_guard_hut,
          minmay_misc_feat_ornament
D:9:      layout_cave_pools, nicolae_ru_path_of_blood, jmf_multi_god_temple,
          david_orc_2
D:10:     layout_roguey, nicolae_ea-nasir_strikes_again, kennysheep_diamond
D:11:     layout_basic, serial_shops, shop, nicolae_hepliaklqana_hazy_memory
D:12:     nicolae_fronds_of_death, layout_basic, special_room
          [special_room_orc], drop_trap, kennysheep_big_empty_room,
          roderic_nine_men_s_morris
D:13:     layout_loops_ring, minmay_bent
Temple:   regret_index_temple_generic_petals
Orc:1:    cheibrodos_orc_guarddog, layout_caves, serial_shops, shop_statue,
          basic_altar
Orc:2:    st_orc_rangers, layout_caves, serial_shops,
          nicolae_shop_tiny_statue_garden, sword_in_stone

Skill      XL: |  1  2  3  4  5  6  7  8  9 10 11 12 |
---------------+-------------------------------------+-----
Spellcasting   | 3 4 5 7 9 11 | 11.0
Alchemy        | 5 6 7 8 |  8.0
Fighting       | 3 4 6 |  6.0
Fire Magic     | 3 4 |  4.0
Maces & Flails | 2 4 6 |  6.0
Dodging        | 3 5 7 |  7.0
Ice Magic      | 2 5 6 |  6.3
Conjurations   | 2 5 7 |  7.0
Air Magic      | 3 |  3.4
Shapeshifting  | 4 |  4.3
Stealth        | |  2.6

Action                     |  1- 3 |  4- 6 |  7- 9 | 10-12 || total
---------------------------+-------+-------+-------+-------++-------
  Melee: Unarmed           |     8 |       |       |       ||     8
         Constrict         |     3 |       |    37 |    29 ||    69
         Tentacles         |     2 |       |    34 |    55 ||    91
         Punch             |     1 |       |     2 |     3 ||     6
         Dagger            |     1 |       |       |       ||     1
         Quarterstaff      |       |    12 |     7 |       ||    19
         Dire flail        |       |       |   159 |   170 ||   329
   Cast: Sting             |    10 |    21 |    29 |    17 ||    77
         Olgreb's Toxic Ra |       |     5 |    26 |   109 ||   140
         Sticky Flame      |       |       |     3 |     1 ||     4
         Ignite Poison     |       |       |     2 |    39 ||    41
         Freezing Cloud    |       |       |       |     5 ||     5
 Invoke: Curse Item        |       |       |       |     3 ||     3
    Use: Potion            |       |     1 |     9 |     1 ||    11
         Scroll            |       |       |     5 |     7 ||    12
   Stab: Sleeping          |       |       |     6 |     2 ||     8
 Armour: Skin              |    11 |    11 |   160 |   141 ||   323
  Dodge: Dodged            |    13 |     4 |   126 |   252 ||   395

Table legend: (Time is in decaauts)
 A = Elapsed time spent in this place.
 B = Non-inter-level travel time spent in this place.
 C = Inter-level travel time spent in this place.
 D = Time resting spent in this place.
 E = Time spent auto-exploring this place.
 F = Levels seen in this place.
 G = Mean time per level.
                   A        B        C        D        E       F      G
               +--------+--------+--------+--------+--------+-----+--------+
         Total |   8227 |   7727 |    500 |   1949 |   2969 |  17 |  483.9 |
       Dungeon |   5206 |   4921 |    285 |    778 |   2163 |  13 |  400.5 |
        Temple |     76 |      2 |     74 |      0 |      0 |   1 |   76.0 |
  Orcish Mines |   2653 |   2513 |    140 |   1136 |    751 |   2 | 1326.5 |
       Ossuary |    289 |    289 |      0 |     35 |     55 |   1 |  289.0 |
               +--------+--------+--------+--------+--------+-----+--------+

Top non-repeatable levels by time:
     D:7: 1638 daAuts
   Orc:1: 1437 daAuts
   Orc:2: 1216 daAuts
     D:6: 709 daAuts
    D:11: 542 daAuts
     D:8: 517 daAuts
     D:4: 477 daAuts
     D:5: 453 daAuts
 Ossuary: 289 daAuts
    D:10: 234 daAuts
     D:9: 233 daAuts
     D:2: 127 daAuts
     D:1: 98 daAuts
  Temple: 76 daAuts
    D:12: 62 daAuts
